 Dungeon Crawl Stone Soup version 0.29.1-15-g9cfb28693d (webtiles) character file.

Game seed: 14337073668447368177

1134 javelincjr the Magician (level 8, 0/55 (56) HPs)
             Began as a Demonspawn Hedge Wizard on Apr 18, 2023.
             Was an Initiate of Sif Muna.
             Slain by a hound (3 damage)
             ... on level 6 of the Dungeon.
             The game lasted 00:22:39 (5782 turns).

javelincjr the Magician (Demonspawn Hedge Wizard)   Turns: 5782, Time: 00:22:40

HP:   0/55 (56)     AC:  3    Str: 13    XL:     8   Next: 14%
MP:   11/15         EV: 20    Int: 15    God:    Sif Muna [......]
Gold: 142           SH:  5    Dex: 13    Spells: 11/16 levels left

rFire   . . .      SeeInvis .   p - +1 short sword (drain)
rCold   x . .      Faith    .   (no shield)
rNeg    . . .      Spirit   .   b - +0 robe
rPois   .          Reflect  +   c - +0 hat
rElec   .          Harm     .   x - scarf {shadows}
rCorr   .          Rampage  .   (no gloves)
Will    .....                   k - +0 pair of boots
Stlth   ++........              f - amulet of reflection
HPRegen 0.18/turn               m - ring of fire
MPRegen 0.14/turn               (no ring)

@: agile, lightly drained, fire susceptible
A: claws 2, repulsion field 1, powered by pain 2
a: Renounce Religion


You were on level 6 of the Dungeon.
You worshipped Sif Muna.
Sif Muna was noncommittal.
You visited 1 branch of the dungeon, and saw 6 of its levels.

You collected 142 gold pieces.

Inventory:

Hand Weapons
 a - a +0 dagger
 p - a +1 short sword of draining (weapon)
Missiles
 j - a throwing net
Armour
 b - a +0 robe (worn)
 c - a +0 hat (worn)
 k - a +0 pair of boots (worn)
 x - a scarf of shadows (worn)
Magical Staves
 r - a staff of poison
Jewellery
 f - an amulet of reflection (around neck)
 m - a ring of fire (left claw)
 t - a ring of poison resistance
Scrolls
 g - 4 scrolls of enchant armour {unknown}
 h - a scroll of silence {unknown}
 n - 2 scrolls of enchant weapon {unknown}
 w - a scroll of fear {unknown}
 y - a scroll of vulnerability {unknown}
 z - a scroll of summoning {unknown}
 B - a scroll of immolation {unknown}
Potions
 d - a potion of magic
 e - a potion of lignification {unknown}
 i - a potion of resistance {unknown}
 o - a potion of might {unknown}
 q - a potion of berserk rage {unknown}
 u - 2 potions of invisibility {unknown}
 v - a potion of brilliance {unknown}
 A - 3 potions of mutation {unknown}
 C - a potion of ambrosia {unknown}


   Skills:
 + Level 1.8 Fighting
 + Level 3.6 Dodging
 + Level 3.9 Stealth
 * Level 4.8 Spellcasting
 + Level 3.5 Conjurations
 + Level 3.5 Summonings
 + Level 3.2 Translocations
 + Level 2.5 Invocations


You had 11 spell levels left.
You knew the following spells:

 Your Spells              Type           Power      Damage    Failure   Level
a - Magic Dart            Conj           56%        1d5       4%          1
b - Call Imp              Summ           14%        N/A       6%          2
c - Blink                 Tloc           26%        N/A       6%          2

Your spell library contained the following spells:

 Spells                   Type           Power      Damage    Failure   Level
 Gell's Gravitas          Tloc           13%        N/A       13%         3
 Teleport Other           Tloc           13%        N/A       13%         3
 Slow                     Hex            12%        N/A       17%         1
 Conjure Flame            Conj/Fire      13%        6-21      24%         3
 Ensorcelled Hibernation  Hex/Ice        6%         N/A       26%         2
 Mephitic Cloud           Conj/Pois/Air  7%         N/A       30%         3
 Spider Form              Tmut/Pois      3%         N/A       45%         3
 Anguish                  Hex/Necr       1%         N/A       86%         4
 Animate Dead             Necr           3%         N/A       86%         4
 Borgnjor's Vile Clutch   Necr/Erth      1%         N/A       99%         5
 Death Channel            Necr           1%         N/A       100%        6
 Dispersal                Tloc           6%         N/A       100%        6


Dungeon Overview and Level Annotations

Branches:
Dungeon (6/15)
 Temple: D:4-7

Altars:
Sif Muna
Uskayaw
Ignis

Annotations:
D:5 Prince Ribbit


Innate Abilities, Weirdness & Mutations

You have very sharp fingernails.
You are surrounded by a mild repulsion field. (EV +2)
You sometimes gain power by taking damage.


Message History

The orc is moderately wounded.
The hound bites your shadow imp but does no damage.
Your shadow imp hits the hound.
You barely miss the orc wizard. The hound bites your shadow imp.
The orc closely misses you. Something hits your shadow imp.
An orc comes into view. It is wielding a +0 dagger.
Something hits you.
* * * LOW HITPOINT WARNING * * *
You writhe in agony.
* * * LOW HITPOINT WARNING * * *
The hound misses your shadow imp.
Your shadow imp hits the hound.
You barely miss the orc.
The orc is moderately wounded.
The hound misses your shadow imp.
The orc wizard hits you with a +0 dagger.
* * * LOW HITPOINT WARNING * * *
Something completely misses you.
Your shadow imp misses the hound.
The hound bites your shadow imp.
You closely miss the orc wizard. The orc wizard barely misses you.
Something barely misses you.
The hound barely misses your shadow imp.
The orc closely misses your shadow imp.
Your shadow imp barely misses the hound.
You closely miss the orc wizard.
The hound bites your shadow imp but does no damage.
The orc wizard barely misses you. Something closely misses you.
Something barely misses you.
The orc hits your shadow imp with a +0 club.
Your shadow imp dies!
Your shadow imp disappears in a puff of smoke!
You hear some strange, mumbled words.
A magic dart appears from out of thin air!
The magic dart hits you.
* * * LOW HITPOINT WARNING * * *
Something hits you.
* * * LOW HITPOINT WARNING * * *
The orc wizard hits you but does no damage.
You hit the orc wizard but do no damage.
The hound bites you.
You die...

...........
#..........
#..........
##.........
##
##........
...##
##.......
.....#
#####...
......##
#...
....oo@#
.....h{.#
......o..#
.........#
........##
........#
$......##


You could see a hound, an orc wizard and 2 orcs.

Vanquished Creatures
  Grinder (D:3)
  2 scorpions (D:4)
  An iguana (D:4)
  An adder (D:5)
  An orc (D:3)
  3 endoplasms
  A giant cockroach (D:1)
  10 goblins
  6 hobgoblins
  3 jackals (D:4)
  4 quokkas
  9 ball pythons
  6 bats
  7 frilled lizards
  11 kobolds
  10 rats
76 creatures vanquished.

Vanquished Creatures (collateral kills)
  Pikel (D:5)
  Edmund (D:4)
  An ice beast (D:4)
  A jelly (D:4)
  Natasha (D:2)
  A goblin (D:4)
  A jackal (D:4)
7 creatures vanquished.

Vanquished Creatures (others)
  A plant (D:1)
1 creature vanquished.

Grand Total: 84 creatures vanquished

Notes
Turn   | Place    | Note
-------+----------+-------------------------------------------
     0 | D:1      | javelincjr the Demonspawn Hedge Wizard began the quest for
                  | the Orb.
     0 | D:1      | Reached XP level 1. HP: 13/13 MP: 4/4
    92 | D:1      | Reached skill level 1 in Translocations
   223 | D:1      | Gained mutation: You sometimes gain a little power by
                  | taking damage. [demonic ancestry]
   223 | D:1      | Reached XP level 2. HP: 19/19 MP: 1/6
   350 | D:1      | Found a faded altar of an unknown god.
   360 | D:1      | Prayed at the altar of an unknown god.
   360 | D:1      | Became a worshipper of Ignis, the Dying Flame
  1024 | D:1      | Gained mutation: You have sharp fingernails. [demonic
                  | ancestry]
  1024 | D:1      | Reached XP level 3. HP: 24/24 MP: 7/7
  1676 | D:2      | Learned a level 2 spell: Call Imp
  1679 | D:2      | Learned a level 2 spell: Blink
  2902 | D:3      | Noticed Natasha
  2903 | D:3      | Noticed Grinder
  2914 | D:2      | Killed Natasha
  2915 | D:2      | Gained mutation: You have very sharp fingernails. [demonic
                  | ancestry]
  2915 | D:2      | Reached XP level 4. HP: 14/30 MP: 8/8
  3347 | D:3      | Paralysed by Grinder for 5 turns
  3357 | D:3      | Killed Grinder
  3358 | D:3      | Reached XP level 5. HP: 5/35 MP: 4/10
  3358 | D:3      | Gained mutation: You are surrounded by a mild repulsion
                  | field. (EV +2) [demonic ancestry]
  3358 | D:3      | Reached XP level 6. HP: 6/41 MP: 4/11
  3753 | D:3      | Found a hide-covered altar of Uskayaw.
  4040 | D:3      | Found a shimmering blue altar of Sif Muna.
  4046 | D:3      | Fell from the grace of Ignis
  4046 | D:3      | Became a worshipper of Sif Muna the Loreminder
  4611 | D:4      | Noticed an ice beast
  4641 | D:4      | Killed an ice beast
  5020 | D:4      | Noticed Edmund
  5050 | D:4      | Reached skill level 4 in Spellcasting
  5148 | D:4      | Killed Edmund
  5149 | D:4      | Reached skill level 1 in Invocations
  5149 | D:4      | Reached XP level 7. HP: 7/47 MP: 2/13
  5289 | D:4      | Noticed a fire elemental
  5289 | D:4      | Noticed a fire elemental
  5289 | D:4      | Noticed a fire elemental
  5453 | D:4      | Reached skill level 1 in Fighting
  5476 | D:4      | You fall into a shaft and drop 1 floor!
  5476 | D:5      | Entered Level 5 of the Dungeon
  5599 | D:5      | Noticed Pikel
  5630 | D:5      | Killed Pikel
  5631 | D:5      | Gained mutation: You sometimes gain power by taking damage.
                  | [demonic ancestry]
  5631 | D:5      | Reached XP level 8. HP: 27/56 MP: 1/15
  5650 | D:5      | You fall into a shaft and drop 1 floor!
  5734 | D:5      | Noticed Prince Ribbit
  5782 | D:6      | Slain by a hound

Illustrated notes

Levels and vault maps discovered:
D:1:      dpeg_arrival_ratfight, layout_rooms,
          hellmonk_ecumenical_altar_lost_god, minmay_hedge_maze, minivault_26,
          chequers_big_river
D:2:      layout_basic
D:3:      layout_basic, mainiacjoe_overflow_concentric_impassable,
          nicolae_sif_muna_little_library, mainiacjoe_overflow_chevrons,
          uniq_natasha, uniq_grinder
D:4:      layout_basic, grunt_ministairs_2, uniq_edmund
D:5:      layout_basic, mainiacjoe_overflow_surrounded_room,
          minmay_temple_entry_statues_pillars, uniq_pikel, uniq_prince_ribbit1
D:6:      layout_cave_pods, serial_shops, nicolae_diamond_shop

Skill      XL: |  1  2  3  4  5  6  7 |
---------------+----------------------+-----
Translocations | 1 2 3 |  3.2
Dodging        | 2 3 |  3.6
Stealth        | 2 3 |  3.9
Conjurations   | 2 3 |  3.5
Summonings     | 2 3 |  3.5
Spellcasting   | 4 |  4.8
Invocations    | 1 2 |  2.5
Fighting       | 1 |  1.8

Action                   |  1- 3 |  4- 6 |  7- 9 || total
-------------------------+-------+-------+-------++-------
Melee: Dagger            |    58 |       |       ||    58
       Punch             |     2 |       |     1 ||     3
       Short sword       |       |    46 |    58 ||   104
 Cast: Magic Dart        |   108 |    34 |    11 ||   153
       Call Imp          |     1 |    15 |    11 ||    27
  Use: Potion            |       |       |     3 ||     3
       Scroll            |       |       |     2 ||     2
 Stab: Sleeping          |       |     1 |     1 ||     2
       Distracted        |       |     1 |       ||     1
Armor: Robe              |    26 |     4 |    12 ||    42
Dodge: Dodged            |    59 |    30 |    79 ||   168
Block: Other             |    29 |    10 |    25 ||    64
       Reflection        |     1 |       |       ||     1
